Map: [ESL] Oceanborn

Players

RedpackCuKu (CuKu)

  • Race: Terran Terran
  • League: Master
  • Spawn Location: 11:00

LiquidClem (Clem) - Winner!

  • Race: Terran Terran
  • League: Grandmaster
  • Spawn Location: 5:00

Event: HomeStory Cup XXIV

VOD

Have the link to the VOD?

Description

Time

  • Played on: Dec. 1, 2023, 1:39 p.m.
  • Length: 7:14

All games in this series

Show
View Real Time Build Order
Export as new Build Order

RedpackCuKu Terran 

Build Orders: Cyclone Opening 

Get SALT Encoding   

  12  0:00  SCV  
  13  0:13  SCV  
  14  0:17  Supply Depot  
  14  0:25  SCV  
  15  0:39  SCV  
  15  0:41  Barracks  
  16  0:45  Refinery  
  16  0:51  SCV  
  16  0:54  Refinery  
  17  1:03  SCV  
  18  1:15  SCV  
  19  1:29  Orbital Command, Reaper  
  19  1:32  Supply Depot  
  20  1:43  Factory  
  20  1:55  SCV  
  21  2:02  Reaper  
  21  2:07  SCV  
  23  2:19  Command Center  
  23  2:23  SCV  
  24  2:30  Cyclone  
  24  2:36  SCV  
  27  2:37  Barracks Reactor  
  27  2:42  Supply Depot  
  27  2:48  SCV  
  28  2:53  Starport  
  28  3:00  SCV  
  29  3:07  Cyclone  
  29  3:09  Refinery  
  31  3:14  Marine x2  
  31  3:16  SCV  
  34  3:30  Starport Tech Lab  
  34  3:31  SCV  
  34  3:33  Orbital Command  
  35  3:41  Factory Tech Lab  
  35  3:44  Marine x2  
  35  3:48  SCV  
  38  3:51  Raven  
  38  3:53  Interference Matrix  
  40  3:58  SCV  
  40  4:00  SCV  
  40  4:01  Siege Tank  
  45  4:03  Marine  
  45  4:04  Marine  
  47  4:10  Supply Depot  
  47  4:11  SCV  
  47  4:18  SCV  
  47  4:23  Marine x2  
  49  4:26  Raven  
  49  4:30  SCV  
  49  4:31  SCV  
  53  4:37  Starport  
  51  4:42  SCV  
  51  4:43  SCV  
  53  4:48  Siege Tank  
  53  4:52  Supply Depot, Marine x2  
  58  4:54  SCV  
  58  4:57  SCV, Supply Depot  
  60  5:08  SCV  
  60  5:14  Viking x2  
  65  5:18  Viking  
  66  5:25  Barracks Reactor  
  66  5:26  SCV  
  66  5:27  SCV  
  66  5:28  Supply Depot  
  68  5:42  SCV  
  67  5:44  Viking x2  
  71  5:50  Refinery  
  71  5:51  SCV  
  71  5:52  Supply Depot  
  74  5:58  Siege Tank  
  74  6:04  SCV x2  
  76  6:07  Supply Depot  
  76  6:09  Viking  
  79  6:14  Viking  
  81  6:20  SCV x2  
  81  6:21  Viking  
  85  6:28  Viking  
  85  6:32  SCV  
  86  6:41  Supply Depot  
  86  6:57  SCV  
Show
View Real Time Build Order
Export as new Build Order

LiquidClem Terran - Winner!

Build Orders: Cyclone Opening 

Get SALT Encoding   

  12  0:00  SCV  
  13  0:12  SCV  
  14  0:16  Supply Depot  
  14  0:25  SCV  
  15  0:38  Barracks, SCV  
  16  0:43  Refinery  
  16  0:50  SCV  
  16  0:52  Refinery  
  17  1:02  SCV  
  18  1:14  SCV  
  20  1:25  Reaper  
  20  1:26  Orbital Command  
  20  1:29  Supply Depot  
  20  1:42  Factory  
  20  1:52  SCV  
  21  1:57  Reaper  
  22  2:04  SCV  
  23  2:18  Command Center  
  23  2:21  SCV  
  24  2:28  Cyclone  
  26  2:33  SCV  
  27  2:39  Starport  
  27  2:45  SCV  
  27  2:48  Supply Depot  
  28  2:57  SCV  
  29  2:58  Barracks Reactor  
  29  3:00  Cyclone  
  31  3:10  SCV  
  32  3:17  Medivac  
  34  3:22  SCV, Refinery  
  35  3:30  Orbital Command  
  35  3:34  SCV  
  36  3:43  Barracks Tech Lab  
  36  3:44  Cyclone x2  
  36  3:46  SCV  
  41  3:48  Starport Tech Lab  
  41  3:55  SCV  
  42  3:57  Supply Depot  
  42  3:58  SCV  
  43  4:07  Raven, SCV  
  46  4:10  SCV  
  46  4:16  Cyclone  
  49  4:18  Cyclone  
  49  4:19  SCV  
  49  4:23  Supply Depot, SCV  
  53  4:29  Interference Matrix  
  53  4:31  SCV  
  53  4:38  SCV  
  55  4:39  Command Center  
  55  4:42  Raven  
  55  4:44  SCV  
  58  4:48  Supply Depot  
  58  4:51  Cyclone  
  60  4:54  Cyclone  
  60  4:56  SCV  
  60  4:58  SCV  
  64  5:01  Supply Depot  
  64  5:08  SCV  
  64  5:10  Barracks, SCV  
  66  5:15  Barracks  
  66  5:18  Marine  
  66  5:21  SCV  
  68  5:22  Raven, SCV  
  68  5:28  Refinery  
  71  5:30  Cyclone  
  71  5:31  Cyclone  
  71  5:33  SCV  
  71  5:34  SCV  
  75  5:42  Marine  
  75  5:45  SCV  
  75  5:46  SCV  
  75  5:47  Engineering Bay  
  75  5:48  Engineering Bay  
  77  5:53  Orbital Command  
  77  5:57  SCV  
  77  5:59  SCV  
  79  6:04  Starport Reactor  
  79  6:08  Barracks Reactor  
  79  6:14  Barracks, Siege Tank  
  79  6:15  Barracks  
  79  6:17  Marine x2  
  84  6:24  SCV  
  84  6:25  Orbital Command, Marine, SCV  
  86  6:29  Supply Depot  
  87  6:34  Supply Depot  
  87  6:36  Marine x2  
  87  6:39  SCV  
  90  6:42  SCV  
  90  6:43  Marine  
  94  6:53  Marine  
  98  7:00  SCV  
  94  7:07  Barracks Reactor  
  94  7:08  Barracks Reactor  
Tags
 
Add a new tag
Caveats
  • Supply blocks, unpowered buildings, or Contaminate may cause inaccurate times.
  • Supply counts are checked every 10 seconds.